MWL (24 & UNDER)
PLUMSTEAD EAGLES @ BARRY'S BAY ORIOLES
09/08/2030
 
TOP OF THE 1ST
Plumstead Eagles batting - Pitching for Barry's Bay Orioles : RHP David Miller
Pitching: RHP David Miller
Batting: LHB José Marín 0-0: Called Strike
0-1: Ball
1-1: Ball
2-1: Fly out, F9 (Flyball, 9)
Batting: LHB António Álvarez 0-0: Called Strike
0-1: DOUBLE (Line Drive, 7)
Batting: LHB Conan Bush 0-0: Ball
1-0: Called Strike
1-1: Swinging Strike
1-2: Ball
2-2: Ball
3-2: Base on Balls
Batting: LHB Jerry Tolbert 0-0: Ball
1-0: Called Strike
1-1: Fielders Choice at 2nd, 3-6 (Groundball, 34)
António Álvarez to third
Batting: LHB Miguel Gamboa 0-0: Ball
1-0: Ball
2-0: Fly out, F5 (Popup, 5SF)
Top of the 1st over - 0 runs, 1 hit, 0 errors, 2 left on base; Plumstead 0 - Barry's Bay 0
BOTTOM OF THE 1ST
Barry's Bay Orioles batting - Pitching for Plumstead Eagles : RHP Jack Bass
Pitching: RHP Jack Bass
Batting: RHB Jason Cook 0-0: Fly out, F9 (Flyball, 89S)
Batting: RHB Francisco Fidal 0-0: Called Strike
0-1: Ball
1-1: Ground out 5-3 (Groundball, 56)
Batting: LHB Chris Russell 0-0: Swinging Strike
0-1: Ball
1-1: Fly out, F4 (Popup, 34S)
Bottom of the 1st over - 0 runs, 0 hits, 0 errors, 0 left on base; Plumstead 0 - Barry's Bay 0
TOP OF THE 2ND
Plumstead Eagles batting - Pitching for Barry's Bay Orioles : RHP David Miller
Batting: RHB Larry Johnson 0-0: Foul Ball, location: 2F
0-1: Ball
1-1: Ball
2-1: Foul Ball, location: 2F
2-2: Ball
3-2: Strikes out swinging
Batting: RHB Jimmy Myers 0-0: Called Strike
0-1: Called Strike
0-2: Strikes out swinging
Batting: LHB Roberto Alba 0-0: Called Strike
0-1: Foul Ball, location: 2F
0-2: Strikes out swinging
Top of the 2nd over - 0 runs, 0 hits, 0 errors, 0 left on base; Plumstead 0 - Barry's Bay 0
BOTTOM OF THE 2ND
Barry's Bay Orioles batting - Pitching for Plumstead Eagles : RHP Jack Bass
Batting: LHB Dave Sanders 0-0: Called Strike
0-1: Ball
1-1: Ball
2-1: Foul Ball, location: 2F
2-2: Strikes out swinging
Batting: RHB Esteban Álvarez 0-0: Called Strike
0-1: Ball
1-1: Ball
2-1: Called Strike
2-2: Strikes out swinging
Batting: RHB David Gallardo 0-0: Ground out 1-3 (Groundball, 13)
Bottom of the 2nd over - 0 runs, 0 hits, 0 errors, 0 left on base; Plumstead 0 - Barry's Bay 0
TOP OF THE 3RD
Plumstead Eagles batting - Pitching for Barry's Bay Orioles : RHP David Miller
Batting: RHB Tom Robinson 0-0: Foul Ball, location: 2F
0-1: Ball
1-1: Swinging Strike
1-2: Strikes out looking
Batting: LHB José Marín 0-0: Fly out, F7 (Line Drive, 78S)
Batting: LHB António Álvarez 0-0: Swinging Strike
0-1: Ball
1-1: Fly out, F7 (Flyball, 78M)
Top of the 3rd over - 0 runs, 0 hits, 0 errors, 0 left on base; Plumstead 0 - Barry's Bay 0
BOTTOM OF THE 3RD
Barry's Bay Orioles batting - Pitching for Plumstead Eagles : RHP Jack Bass
Batting: RHB Bob Watson 0-0: Ball
1-0: Foul Ball, location: 2F
1-1: Fly out, F7 (Flyball, 78M)
Batting: RHB Nolan Houston 0-0: Ball
1-0: Called Strike
1-1: Foul Ball, location: 2F
1-2: Ball
2-2: Strikes out swinging
Batting: RHB Hughie Dayment 0-0: Called Strike
0-1: Ball
1-1: Called Strike
1-2: Ground out 6-3 (Groundball, 6M)
Bottom of the 3rd over - 0 runs, 0 hits, 0 errors, 0 left on base; Plumstead 0 - Barry's Bay 0
TOP OF THE 4TH
Plumstead Eagles batting - Pitching for Barry's Bay Orioles : RHP David Miller
Batting: LHB Conan Bush 0-0: Ball
1-0: Ball
2-0: Called Strike
2-1: Ball
3-1: Foul Ball, location: 2F
3-2: Foul Ball, location: 2F
3-2: Strikes out swinging
Batting: LHB Jerry Tolbert 0-0: Ground out U3 (Groundball, 3)
Batting: LHB Miguel Gamboa 0-0: Called Strike
0-1: Foul Ball, location: 2F
0-2: Ball
1-2: Strikes out swinging
Top of the 4th over - 0 runs, 0 hits, 0 errors, 0 left on base; Plumstead 0 - Barry's Bay 0
BOTTOM OF THE 4TH
Barry's Bay Orioles batting - Pitching for Plumstead Eagles : RHP Jack Bass
Batting: RHB Jason Cook 0-0: Called Strike
0-1: Ball
1-1: Ball
2-1: Called Strike
2-2: Ball
3-2: Base on Balls
Batting: RHB Francisco Fidal 0-0: Ball
1-0: Fielders Choice at 2nd, 6-4 (Groundball, 6M)
Batting: LHB Chris Russell 0-0: Ball
1-0: Called Strike
1-1: Ball
2-1: Foul Ball, location: 2F
2-2: Ball
3-2: Base on Balls
Francisco Fidal to second
Batting: LHB Dave Sanders 0-0: SINGLE (Groundball, 6MD)
Francisco Fidal to third
Chris Russell to second
Runner from 3rd tries for Home, SAFE, throw made home
Batting: RHB Esteban Álvarez 0-0: Swinging Strike
0-1: Ball
1-1: Swinging Strike
1-2: Strikes out swinging
Batting: RHB David Gallardo 0-0: Swinging Strike
0-1: Foul Ball, location: 2F
0-2: Ball
1-2: Strikes out swinging
Bottom of the 4th over - 1 run, 1 hit, 0 errors, 2 left on base; Plumstead 0 - Barry's Bay 1
TOP OF THE 5TH
Plumstead Eagles batting - Pitching for Barry's Bay Orioles : RHP David Miller
Batting: RHB Larry Johnson 0-0: SINGLE (Groundball, 56D)
Batting: RHB Jimmy Myers 0-0: Foul Ball, location: 2F
0-1: Ball
1-1: Ball
2-1: Ball
3-1: Swinging Strike
3-2: SINGLE (Groundball, 56D)
Larry Johnson to second
Batting: LHB Roberto Alba 0-0: Called Strike
0-1: Fly out, F6 (Popup, 6MD)
Batting: RHB Tom Robinson 0-0: Called Strike
0-1: Foul Ball, location: 2F
0-2: Ball
1-2: Strikes out swinging
Batting: LHB José Marín 0-0: Ball
1-0: SINGLE (Line Drive, 4MD)
Larry Johnson to third
Jimmy Myers to second
Runner from 3rd tries for Home, SAFE, no throw
Batting: LHB António Álvarez 0-0: Ground out 3-1 (Groundball, 34)
Top of the 5th over - 1 run, 3 hits, 0 errors, 2 left on base; Plumstead 1 - Barry's Bay 1
BOTTOM OF THE 5TH
Barry's Bay Orioles batting - Pitching for Plumstead Eagles : RHP Jack Bass
Batting: RHB Bob Watson 0-0: Called Strike
0-1: Ball
1-1: Ball
2-1: Swinging Strike
2-2: Strikes out looking
Batting: RHB Nolan Houston 0-0: Hit by Pitch
Batting: RHB Hughie Dayment 0-0: Foul Ball, location: 2F
0-1: Ball
1-1: Called Strike
1-2: Fly out, F9 (Flyball, 9LSF)
Batting: RHB Jason Cook 0-0: Ball
Nolan Houston is caught stealing 2nd base
Bottom of the 5th over - 0 runs, 0 hits, 0 errors, 0 left on base; Plumstead 1 - Barry's Bay 1
TOP OF THE 6TH
Plumstead Eagles batting - Pitching for Barry's Bay Orioles : RHP David Miller
Batting: LHB Conan Bush 0-0: Called Strike
0-1: Called Strike
0-2: Ball
1-2: SINGLE (Groundball, 34D)
Batting: LHB Jerry Tolbert 0-0: Foul Ball, location: 2F
0-1: Swinging Strike
0-2: Ball
1-2: Strikes out looking
Batting: LHB Miguel Gamboa 0-0: Ball
1-0: SINGLE (Flyball, 7S)
Conan Bush to second
Batting: RHB Larry Johnson 0-0: Called Strike
0-1: Ball
1-1: SINGLE (Groundball, 6MD)
Conan Bush to third
Miguel Gamboa to second
Batting: RHB Jimmy Myers 0-0: Ball
1-0: Foul Ball, location: 2F
1-1: Foul Ball, location: 2F
1-2: Strikes out looking
Batting: LHB Roberto Alba 0-0: Hit by Pitch
Conan Bush scores
Miguel Gamboa to third
Larry Johnson to second
Batting: RHB Tom Robinson 0-0: Fly out, F6 (Popup, 6)
Top of the 6th over - 1 run, 3 hits, 0 errors, 3 left on base; Plumstead 2 - Barry's Bay 1
BOTTOM OF THE 6TH
Barry's Bay Orioles batting - Pitching for Plumstead Eagles : RHP Jack Bass
Batting: RHB Jason Cook 0-0: Ball
1-0: SINGLE (Groundball, 6MD)
Batting: RHB Francisco Fidal 0-0: Ball
1-0: Called Strike
1-1: Ball
2-1: SINGLE (Groundball, 6MD)
Jason Cook to second
Runner from 2nd tries for 3rd, SAFE, no throw
Batting: LHB Chris Russell 0-0: Ball
1-0: Called Strike
1-1: Ball
2-1: Ball
3-1: Foul Ball, location: 2F
3-2: Fly out, F7 (Flyball, 78D)
Runner from 3rd tags up, OUT at HOME
Francisco Fidal to second
Batting: LHB Dave Sanders 0-0: Called Strike
0-1: Ball
1-1: Ball
2-1: Ball
3-1: Called Strike
3-2: Foul Ball, location: 2F
3-2: Foul Ball, location: 2F
3-2: Foul Ball, location: 2F
3-2: Foul Ball, location: 2F
3-2: Fly out, F7 (Flyball, 7LD)
Bottom of the 6th over - 0 runs, 2 hits, 0 errors, 1 left on base; Plumstead 2 - Barry's Bay 1
TOP OF THE 7TH
Plumstead Eagles batting - Pitching for Barry's Bay Orioles : RHP David Miller
Batting: LHB José Marín 0-0: Foul Ball, location: 2F
0-1: DOUBLE (Line Drive, 89D)
Pitching: LHP Dominique Verdier
Batting: LHB António Álvarez 0-0: Fly out, F9 (Line Drive, 9LM)
Batting: LHB Conan Bush 0-0: Intentional Walk
Batting: LHB Jerry Tolbert 0-0: Called Strike
José Marín is caught stealing 3rd base
0-1: Foul Ball, location: 2F
0-2: Strikes out looking
Top of the 7th over - 0 runs, 1 hit, 0 errors, 1 left on base; Plumstead 2 - Barry's Bay 1
BOTTOM OF THE 7TH
Barry's Bay Orioles batting - Pitching for Plumstead Eagles : RHP Jack Bass
Batting: RHB Esteban Álvarez 0-0: Ball
1-0: Foul Ball, location: 2F
1-1: Swinging Strike
1-2: SINGLE (Flyball, 78S)
Batting: RHB David Gallardo 0-0: Bunt missed!
0-1: Bunt missed!
0-2: Foul Ball, location: 2F
0-2: Ball
1-2: Ball
2-2: Fly out, F6 (Popup, 6)
Pitching: RHP John Bauer
Batting: RHB Bob Watson 0-0: Ball
Esteban Álvarez steals 2nd base
1-0: Called Strike
1-1: Swinging Strike
1-2: Strikes out looking
Pinch Hitting: RHB Ray Bray 0-0: Ball
1-0: Ball
2-0: Ball
3-0: Base on Balls
Batting: RHB Hughie Dayment 0-0: Foul Ball, location: 2F
0-1: Foul Ball, location: 2F
0-2: Ball
1-2: Ball
2-2: Ball
3-2: Foul Ball, location: 2F
3-2: Strikes out swinging
Bottom of the 7th over - 0 runs, 1 hit, 0 errors, 2 left on base; Plumstead 2 - Barry's Bay 1
TOP OF THE 8TH
Plumstead Eagles batting - Pitching for Barry's Bay Orioles : LHP Dominique Verdier
Now at 3B: Scott Snider
Batting: LHB Miguel Gamboa 0-0: Ball
1-0: Ball
2-0: Foul Ball, location: 2F
2-1: Foul Ball, location: 2F
2-2: DOUBLE (Line Drive, 89XD)
Batting: RHB Larry Johnson 0-0: Intentional Walk
Batting: RHB Jimmy Myers 0-0: Foul Ball, location: 2F
0-1: Grounds into double play, 5-4-3 (Groundball, 5)
Miguel Gamboa to third
Batting: LHB Roberto Alba 0-0: Called Strike
0-1: Foul Ball, location: 2F
0-2: Ground out 5-3 (Groundball, 56)
Top of the 8th over - 0 runs, 1 hit, 0 errors, 1 left on base; Plumstead 2 - Barry's Bay 1
BOTTOM OF THE 8TH
Barry's Bay Orioles batting - Pitching for Plumstead Eagles : RHP John Bauer
Batting: RHB Jason Cook 0-0: SOLO HOME RUN (Line Drive, 7D), Distance : 351 ft
Batting: RHB Francisco Fidal 0-0: Called Strike
0-1: Ball
1-1: Ball
2-1: Foul Ball, location: 2F
2-2: Ball
3-2: Base on Balls
Batting: LHB Chris Russell 0-0: Ball
1-0: Ball
2-0: Foul Ball, location: 2F
2-1: Foul Ball, location: 2F
2-2: Ball
3-2: Base on Balls
Francisco Fidal to second
Batting: LHB Dave Sanders 0-0: Called Strike
0-1: Ball
1-1: Called Strike
1-2: Foul Ball, location: 2F
1-2: Strikes out swinging
Batting: RHB Esteban Álvarez 0-0: Called Strike
0-1: Ball
1-1: Ball
2-1: Ball
3-1: SINGLE (Flyball, 9S)
Francisco Fidal to third
Chris Russell to second
Runner from 3rd tries for Home, SAFE, no throw
Batting: RHB David Gallardo 0-0: Called Strike
0-1: Ball
1-1: Hit by Pitch
Chris Russell to third
Esteban Álvarez to second
Batting: RHB Bob Watson 0-0: Called Strike
0-1: Foul Ball, location: 2F
0-2: Strikes out swinging
Batting: RHB Scott Snider 0-0: Ball
1-0: Called Strike
1-1: Called Strike
1-2: Ball
2-2: SINGLE (Groundball, 56D)
Chris Russell scores
Esteban Álvarez to third
David Gallardo to second
Runner from 3rd tries for Home, SAFE, no throw
Pitching: LHP Ramón Sánchez
Batting: RHB Hughie Dayment 0-0: Ball
Passed Ball!
David Gallardo to third
Scott Snider to second
1-0: Foul Ball, location: 2F
1-1: Swinging Strike
1-2: Ball
2-2: Strikes out swinging
Bottom of the 8th over - 4 runs, 3 hits, 0 errors, 2 left on base; Plumstead 2 - Barry's Bay 5
TOP OF THE 9TH
Plumstead Eagles batting - Pitching for Barry's Bay Orioles : LHP Dominique Verdier
Batting: RHB Tom Robinson 0-0: Swinging Strike
0-1: Foul Ball, location: 2F
0-2: Ball
1-2: Ball
2-2: Ball
3-2: Strikes out swinging
Batting: LHB José Marín 0-0: Called Strike
0-1: Swinging Strike
0-2: Ball
1-2: Foul Ball, location: 2F
1-2: Foul Ball, location: 2F
1-2: Ball
2-2: Foul Ball, location: 2F
2-2: Ground out 6-3 (Groundball, 6)
Batting: LHB António Álvarez 0-0: Ball
1-0: Swinging Strike
1-1: SINGLE (Groundball, 34D)
Batting: LHB Conan Bush 0-0: Fly out, F7 (Flyball, 7)
Top of the 9th over - 0 runs, 1 hit, 0 errors, 1 left on base; Plumstead 2 - Barry's Bay 5
Saturday, April 7th, 2018 - OOTP Baseball 18.8 Build 76